 Dungeon Crawl Stone Soup version 0.28-a0-445-g51f8dfeb47 (webtiles) character file.

Game seed: 1358455748554371201

141 Dabor the Skirmisher (level 5, 0/42 HPs)
             Began as a Formicid Abyssal Knight on Sept 13, 2021.
             Was a Believer of Lugonu.
             Killed by an exploding Natasha (12 damage)
             ... ignited by their inner flame
             ... on level 2 of the Dungeon.
             The game lasted 00:11:25 (2442 turns).

Dabor the Skirmisher (Formicid Abyssal Knight)      Turns: 2442, Time: 00:11:25

Health: 0/42       AC: 11    Str: 18    XL:     5   Next: 48%
Magic:  7/7        EV:  7    Int: 11    God:    Lugonu [**....]
Gold:   106        SH:  0    Dex: 10    Spells: 4/4 levels left

rFire   + . .      SeeInvis +   a - +1 spear
rCold   x . .      Faith    .   (no shield)
rNeg    . . .      Spirit   .   n - +1 chain mail {rPois}
rPois   +          Reflect  .   (helmet unavailable)
rElec   .          Harm     .   (no cloak)
rCorr   .          Rampage  .   (no gloves)
Will    .....                   f - +0 pair of boots
Stlth   ..........              (no amulet)
HPRegen 0.14/turn               k - ring of fire
MPRegen 0.10/turn               (no ring)

@: weak-willed
A: permanent stasis, dig shafts and tunnels, antennae 3, four strong arms
a: Dig, Shaft Self, Renounce Religion, Depart the Abyss, Bend Space


You were on level 2 of the Dungeon.
You worshipped Lugonu.
Lugonu was pleased with you.
You visited 1 branch of the dungeon, and saw 2 of its levels.
You visited the Abyss 1 time.

You collected 106 gold pieces.

Inventory:

Hand Weapons
 a - a +1 spear (weapon)
Missiles
 h - 78 stones (quivered)
 j - 14 poisoned darts
Armour
 b - a +0 leather armour
 f - a +0 pair of boots (worn)
 n - a +1 chain mail of poison resistance (worn)
Jewellery
 k - a ring of fire (left hand)
Potions
 c - 2 potions of ambrosia {unknown}
 d - a potion of heal wounds {unknown}
 e - 2 potions of curing
 g - a potion of flight {unknown}
 l - a potion of lignification {unknown}


   Skills:
 + Level 3.8 Fighting
 * Level 3.1 Polearms
 + Level 1.2 Throwing
 + Level 3.0 Armour
 + Level 1.6 Dodging
 + Level 1.3 Shields
 + Level 3.0 Invocations


You had 4 spell levels left.
You didn't know any spells.
Your spell library contained the following spells:

 Spells                   Type           Power      Damage    Failure   Level
 Foxfire                  Conj/Fire      0%         2x1d4     99%         1
 Ensorcelled Hibernation  Hex/Ice        0%         N/A       100%        2
 Conjure Flame            Conj/Fire      0%         6-21      100%        3
 Inner Flame              Hex/Fire       0%         N/A       100%        3
 Tukima's Dance           Hex            0%         N/A       100%        3
 Flame Wave               Conj/Fire      0%         3d3       100%        4


Dungeon Overview and Level Annotations

Branches:
Dungeon (2/15)

Altars:


Innate Abilities, Weirdness & Mutations

You cannot be hasted, slowed, berserked, paralysed or teleported.
You can dig through walls and to a lower floor.
You have a pair of large antennae on your head. (SInv)
Your four strong arms can wield two-handed weapons with a shield.


Message History

As you read the scroll labelled QIYLESTEIH, it crumbles to dust.
The creatures around you are filled with an inner flame!
It was a scroll of immolation.
The iron imp hits you.
* * * LOW HITPOINT WARNING * * *
Natasha mewls in sadness.
Natasha casts a spell at you. You resist with significant effort.
Space bends around you!
You blink.
Natasha mumbles some strange words.
It was a potion of curing.
You feel better.
Press: ? - help, v - describe, . - travel
Here: Natasha (lightly wounded, inner flame, weak-willed)
The floor.
You feel more attuned to fire.
k - a ring of fire (left hand)
You are too injured to fight recklessly!
Throw: 16 darts (poison)
Press: ? - help, Shift-Dir - straight line, f/p - Natasha
Aim: Natasha (lightly wounded, inner flame, weak-willed, 45% to hit)
You throw a poisoned dart. The poisoned dart hits Natasha.
Natasha is lightly wounded.
Natasha claws you.
* * * LOW HITPOINT WARNING * * *
Throw: 15 darts (poison)
Press: ? - help, Shift-Dir - straight line, f/p - Natasha
Aim: Natasha (lightly wounded, inner flame, weak-willed, 47% to hit)
You throw a poisoned dart. The poisoned dart hits Natasha.
Natasha is lightly wounded.
You closely miss Natasha.
Natasha is lightly wounded.
Natasha barely misses you.
You hit Natasha.
Flame seeps out of Natasha.
Natasha is moderately wounded.
Natasha is engulfed in blazing flames.
Lugonu accepts your kill.
Natasha screams in pain as she dies!
The shadow imp disappears in a puff of smoke!
Natasha explodes!
The fiery explosion engulfs you! You resist.
You die...

#.#####.# ######## #.......#
#......# #.#####.#
#.####.#######.# #.# #.#
#.........# #.# #.# #########.#
#.# #.# ### #.#
######.############.#####.#
................@○§.#.....#
######...##########.#.#####
#.......# #.#.# #.##))..# #.#.#
#.##)##.## #.#.#
#.##.##..#########5#.###########
##....###.#.5..h....#..........<#
.....####...#####################
.....'.................>#


There were no monsters in sight!

Vanquished Creatures
  Terence (D:2)
  Natasha (D:2)
  Robin (D:2)
  3 adders (D:2)
  2 worms (D:2)
  6 ball pythons
  8 endoplasms
  4 giant cockroaches
  9 goblins
  9 hobgoblins
  6 kobolds
  2 quokkas
  8 bats
  A frilled lizard (D:2)
  7 rats
68 creatures vanquished.

Notes
Turn   | Place    | Note
-------+----------+-------------------------------------------
     0 | Abyss:1  | Dabor the Formicid Abyssal Knight began the quest for the
                  | Orb.
     0 | Abyss:1  | Reached XP level 1. HP: 18/18 MP: 2/2
     0 | D:1      | Escaped the Abyss
   158 | D:1      | Reached skill level 1 in Dodging
   273 | D:1      | Reached XP level 2. HP: 24/24 MP: 3/3
   336 | D:1      | Reached * piety under Lugonu
   422 | D:1      | Found a faded altar of an unknown god.
   471 | D:1      | Reached XP level 3. HP: 29/29 MP: 4/4
  1102 | D:2      | Reached ** piety under Lugonu
  1103 | D:2      | Reached XP level 4. HP: 31/35 MP: 4/6
  1186 | D:2      | Reached skill level 1 in Shields
  1491 | D:2      | Noticed Robin
  1524 | D:2      | Killed Robin
  1807 | D:2      | Noticed Terence
  1826 | D:2      | Killed Terence
  1827 | D:2      | Reached skill level 1 in Throwing
  1827 | D:2      | Reached XP level 5. HP: 23/42 MP: 7/7
  2386 | D:2      | Noticed Natasha
  2442 | D:2      | Killed Natasha
  2442 | D:2      | Killed by an exploding Natasha... ignited by their inner
                  | flame

Illustrated notes

Levels and vault maps discovered:
D:1:      lemuel_arrival_tunnels, layout_loops_ring, basic_ecumenical_altar
D:2:      layout_basic, uniq_natasha, uniq_robin, uniq_terence

Skill      XL: |  1  2  3  4  5 |
---------------+----------------+-----
Dodging        | 1 |  1.6
Shields        | 1 |  1.3
Polearms       | 3 |  3.1
Throwing       | 1 |  1.2
Invocations    | 3 |  3.0
Armour         | 3 |  3.0
Fighting       | |  3.8

Action                   |  1- 3 |  4- 6 || total
-------------------------+-------+-------++-------
Melee: Spear             |   118 |   168 ||   286
Throw: Dart              |     7 |     7 ||    14
       Stone             |     1 |     3 ||     4
Invok: Depart the Abyss  |     1 |       ||     1
       Bend Space        |       |     1 ||     1
 Abil: Dig               |       |     1 ||     1
  Use: Scroll            |       |     2 ||     2
       Potion            |       |     1 ||     1
Armor: Leather armour    |    25 |    22 ||    47
       Chain mail        |       |    26 ||    26
Dodge: Dodged            |    38 |    52 ||    90

Table legend: (Time is in decaauts)
 A = Elapsed time spent in this place.
 B = Non-inter-level travel time spent in this place.
 C = Inter-level travel time spent in this place.
 D = Time resting spent in this place.
 E = Time spent auto-exploring this place.
 F = Levels seen in this place.
 G = Mean time per level.
                   A        B        C        D        E       F      G
               +--------+--------+--------+--------+--------+-----+--------+
         Total |   2434 |   2367 |     67 |    410 |   1050 |   3 |  811.3 |
       Dungeon |   2434 |   2367 |     67 |    410 |   1050 |   2 | 1217.0 |
         Abyss |      0 |      0 |      0 |      0 |      0 |   1 |    0.0 |
               +--------+--------+--------+--------+--------+-----+--------+

Top non-repeatable levels by time:
     D:2: 1368 daAuts
     D:1: 1065 daAuts
